 Dungeon Crawl Stone Soup version 0.28.0 (webtiles) character file.

Game seed: 14298533150596889809

16721 GordonOverkill the Thaumaturge (level 12, -11/63 HPs)
             Began as a Spriggan Summoner on Feb 13, 2022.
             Was a Believer of Sif Muna.
             Killed by divine providence
             ... invoked by a meliai
              (13 damage)
             ... on level 2 of the Lair of Beasts.
             The game lasted 00:52:21 (27704 turns).

GordonOverkill the Thaumaturge (Spriggan Summoner) Turns: 27704, Time: 00:52:21

Health: -11/63     AC:  8    Str:  4    XL:     12   Next: 12%
Magic:  27/27      EV: 18    Int: 21    God:    Sif Muna [**....]
Gold:   807        SH:  0    Dex: 22    Spells: 20/32 levels left

rFire   . . .      SeeInvis +   b - +1 spear (venom)
rCold   . . .      Faith    .   (no shield)
rNeg    . . .      Spirit   .   u - +0 steam dragon scales
rPois   .          Reflect  .   j - +2 hat
rElec   .          Harm     .   p - +0 cloak
rCorr   +          Rampage  .   (gloves unavailable)
Will    ++...                   (boots unavailable)
Stlth   ++++++....              e - amulet of magic regeneration
HPRegen 0.20/turn               c - ring of resist corrosion
MPRegen 0.60/turn               (no ring)

@: about to teleport, very quick
A: very small, no large weapons, unfitting armour, see invisible, speed 3, thin
skeletal structure 2, agile 1, sturdy frame 1
a: Renounce Religion, Channel Magic


You were on level 2 of the Lair of Beasts.
You worshipped Sif Muna.
Sif Muna was pleased with you.
You visited 3 branches of the dungeon, and saw 15 of its levels.
You also visited: Ice Cave.

You collected 807 gold pieces.

Inventory:

Hand Weapons
 b - a +1 spear of venom (weapon)
 s - the +10 whip of Zaejegha {drain, *Noise Will- Int+8 SInv}
   (You found it on level 4 of the Dungeon)

   A truly terrible weapon, it drains the life of any living foe it strikes.
   Int:       It affects your intelligence (+8).
   SInv:      It lets you see invisible.
   *Noise:    It may make noises in combat.
   Will:      It decreases your willpower.
 t - a +3 demon trident of protection
Missiles
 r - 2 poisoned darts (quivered)
 v - a throwing net
Armour
 j - a +2 hat (worn)
 p - a +0 cloak (worn)
 u - +0 steam dragon scales (worn)
 y - a +2 robe of willpower
Magical Staves
 l - a staff of air
Jewellery
 c - a ring of resist corrosion (left hand)
 e - an amulet of magic regeneration (around neck)
 x - a ring of fire
 A - an amulet of reflection
 D - an amulet of faith
Wands
 h - a wand of digging (5)
 o - a wand of iceblast (3)
 B - a wand of acid (10)
Scrolls
 a - 3 scrolls of fear
 f - a scroll of immolation
 g - 3 scrolls of magic mapping
 i - 2 scrolls of blinking
 k - 3 scrolls of teleportation
 w - 3 scrolls of amnesia
 z - a scroll of holy word
 E - a scroll of fog {unknown}
Potions
 d - 5 potions of curing
 m - a potion of might {unknown}
 n - a potion of mutation
 q - a potion of brilliance {unknown}
 F - a potion of attraction {unknown}
Miscellaneous
 C - a phial of floods


   Skills:
 - Level 7.0 Fighting
 - Level 6.0 Polearms
 - Level 1.0 Throwing
 - Level 2.6 Dodging
 - Level 7.0 Stealth
 + Level 10.8 Spellcasting
 - Level 4.0 Summonings
 + Level 2.5 Ice Magic
 + Level 10.5 Air Magic
 - Level 5.0 Invocations


You had 20 spell levels left.
You knew the following spells:

 Your Spells              Type           Power      Damage    Failure   Level
a - Summon Small Mammal   Summ           100%       N/A       1%          1
b - Call Imp              Summ           28%        N/A       1%          2
c - Summon Lightning Spi  Summ/Air       41%        N/A       3%          4
d - Freezing Cloud        Conj/Ice/Air   14%        6-21      28%         5

Your spell library contained the following spells:

 Spells                   Type           Power      Damage    Failure   Level
 Freeze                   Ice            88%        1d10      1%          1
 Corpse Rot               Necr/Air       66%        N/A       1%          2
 Poisonous Vapours        Pois/Air       66%        N/A       1%          2
 Call Canine Familiar     Summ           28%        N/A       3%          3
 Mephitic Cloud           Conj/Pois/Air  26%        N/A       4%          3
 Beastly Appendage        Tmut           22%        N/A       6%          1
 Pain                     Necr           44%        1d6       6%          1
 Frozen Ramparts          Ice            44%        1d6       6%          3
 Summon Guardian Golem    Hex/Summ       19%        N/A       8%          3
 Wereblood                Tmut           11%        N/A       9%          2
 Ignite Poison            Fire/Tmut/Pois 11%        N/A       19%         3
 Inner Flame              Hex/Fire       11%        N/A       19%         3
 Spider Form              Tmut/Pois      11%        N/A       19%         3
 Silence                  Hex/Air        16%        N/A       19%         5
 Hailstorm                Conj/Ice       16%        3d6       34%         4
 Cause Fear               Hex            5%         N/A       52%         4
 Passage of Golubria      Tloc           11%        N/A       52%         4
 Agony                    Necr           11%        N/A       86%         5
 Excruciating Wounds      Necr           5%         N/A       86%         5
 Dragon Form              Tmut           5%         N/A       100%        7
 Discord                  Hex            5%         N/A       100%        8
 Lehudib's Crystal Spear  Conj/Erth      5%         10d3      100%        8
 Dragon's Call            Summ           14%        N/A       100%        9


Dungeon Overview and Level Annotations

Branches:
Dungeon (12/15)            Temple (1/1) D:6            Lair (2/6) D:10
 Spider (0/4) Lair:2          Orc (0/2) D:12          IceCv (visited)
  Swamp: Lair:2-4    Shoals: Lair:2-4

Altars:
Ashenzari
Cheibriados
Dithmenos
Elyvilon
Fedhas
Gozag
Hepliaklqana
Kikubaaqudgha
Makhleb
Nemelex Xobeh
Okawaru
Qazlal
Ru
Sif Muna
Trog
Uskayaw
Vehumet
Wu Jian
Xom
Yredelemnul
Zin
The Shining One

Annotations:
D:6 2 runed translucent doors, mfcas's ghost, novice GnIE
D:8 2 transporters


Innate Abilities, Weirdness & Mutations

You are very small and have problems with some larger weapons.
You are too small for most types of armour.
You have supernaturally acute eyesight. (SInv)
You cover ground extremely quickly. (Speed+++)
You have a moderately thin skeletal structure. (Dex +4, Stealth++)
You are agile. (Dex +2)
Your movements are slightly less encumbered by armour. (ER -2)


Message History

An electric hum fills the air.
The meliai invokes the aid of its god against you.
Something smites you!
* * * LOW HITPOINT WARNING * * *
Your lightning spire shoots out a bolt of lightning at the meliai!
The bolt of electricity hits the meliai.
The meliai hits your lightning spire with a +0 war axe.
The meliai stings your lightning spire but does no damage.
You feel better.
The meliai hits your lightning spire with a +0 war axe.
The meliai stings your lightning spire.
The meliai hits your lightning spire with a +0 war axe!
The meliai stings your lightning spire but does no damage.
Your crimson imp completely misses the meliai.
As you read the scroll of teleportation, it crumbles to dust.
You feel strangely unstable.
The meliai barely misses your crimson imp.
The meliai barely misses your lightning spire.
The meliai closely misses your crimson imp.
The meliai hits your crimson imp with a +0 war axe!
The meliai hits your lightning spire with a +0 war axe.
The meliai stings your crimson imp.
Your crimson imp closely misses the meliai.
The meliai closely misses your crimson imp.
The meliai hits your quokka with a +0 war axe!
Your quokka dies!
Your quokka's corpse disappears in a puff of smoke!
The meliai hits your lightning spire with a +0 war axe.
The meliai stings your crimson imp!
Your crimson imp dies!
Your crimson imp disappears in a puff of smoke!
The meliai calls down the wrath of its god upon you.
Something smites you!
* * * LOW HITPOINT WARNING * * *
The meliai mumbles some strange prayers to its god against you.
Something smites you!
* * * LOW HITPOINT WARNING * * *
The meliai invokes the aid of its god against you.
Something smites you!
You die... ... ##.# ...# #.. ..# #..
P.P

#.# #.## #.. #..# #.###
### #@## #...#####P#
##..####..#.##...##
#.................<
#.....PP#.ยง8P#.#.#.
.........y..........#.
.....).......#####P..#.
..........P..# ##....
...##.#.P....# #(...
... ####..#..# #..+.


You could see a meliai.

Vanquished Creatures
  Pikel (D:6)
  Maggie (D:8)
  A shadow (D:8)
  A vampire (D:12)
  2 wraiths
  3 yaks
  A vampire mosquito (D:11)
  An acid dragon (D:9)
  2 water moccasins
  3 orc warriors
  An ogre (D:7)
  A black bear (D:7)
  5 centaurs
  A bullfrog (Lair:1)
  A cane toad simulacrum (IceCv)
  2 wyvern skeletons (D:6)
  18 killer bees
  6 wights
  A howler monkey (D:11)
  2 centaur zombies
  2 jellies
  3 hounds
  3 orc priests
  2 bullfrog skeletons
  A centaur skeleton (D:5)
  An iguana (D:5)
  5 orc wizards
  Natasha (twice) (D:4)
  A polar bear simulacrum (IceCv)
  A hound skeleton (D:4)
  6 adders
  2 gnolls (D:5)
  A white imp (D:6)
  3 ufetubi
  14 orcs
  2 ball pythons
  An endoplasm (D:3)
  3 giant cockroaches
  2 hobgoblins
  5 quokkas
  6 bats
  A frilled lizard (D:3)
  2 kobolds
  3 rats
126 creatures vanquished.

Vanquished Creatures (collateral kills)
  2 hydras (Lair:1)
  An ogre mage (D:11)
  3 two-headed ogres
  A cyclops (D:10)
  2 centaur zombies (D:11)
  2 komodo dragons
  3 ice devils (IceCv)
  2 trolls (D:11)
  Sigmund (D:6)
  Eustachio (D:4)
  2 shadows
  2 wyverns (D:10)
  A steam dragon (D:8)
  7 yaks
  A vampire mosquito (D:11)
  A warg (D:12)
  A water moccasin (Lair:1)
  2 orc warriors
  4 ogres
  5 centaurs (D:11)
  A phantom (D:5)
  A lemure (D:6)
  A kobold brigand (D:4)
  2 bullfrogs (Lair:1)
  2 two-headed ogre simulacra (IceCv)
  A scorpion (D:5)
  A gnoll sergeant (D:9)
  7 killer bees
  3 elephant simulacra (IceCv)
  6 wights
  A bullfrog zombie (D:5)
  2 orc priests (D:12)
  A jelly (D:6)
  An iguana (D:5)
  4 orc wizards
  Natasha (D:4)
  A spriggan simulacrum (IceCv)
  A hound skeleton (D:5)
  A howler monkey zombie (D:9)
  8 gnolls
  3 adders
  5 naga simulacra (IceCv)
  3 shadow imps
  A white imp (IceCv)
  A nameless horror (D:12)
  An adder zombie (D:5)
  18 orcs
  4 bats
  4 endoplasms
  2 giant cockroaches (D:1)
  2 goblins
  6 hobgoblins
  3 quokkas
  2 ball pythons
  2 frilled lizards (D:2)
  9 kobolds
  6 rats
162 creatures vanquished.

Vanquished Creatures (others)
  16 plants (D:10)
16 creatures vanquished.

Grand Total: 304 creatures vanquished

Notes
Turn   | Place    | Note
-------+----------+-------------------------------------------
     0 | D:1      | GordonOverkill the Spriggan Summoner began the quest for
                  | the Orb.
     0 | D:1      | Reached XP level 1. HP: 9/9 MP: 5/5
   391 | D:1      | Reached XP level 2. HP: 12/13 MP: 2/7
   435 | D:1      | Learned a level 2 spell: Call Imp
  2028 | D:2      | Reached XP level 3. HP: 16/16 MP: 4/8
  2722 | D:2      | Reached XP level 4. HP: 19/21 MP: 2/10
  4834 | D:3      | Reached skill level 5 in Stealth
  5134 | D:3      | Learned a level 4 spell: Summon Lightning Spire
  5350 | D:4      | Reached XP level 5. HP: 24/24 MP: 8/12
  5401 | D:4      | Noticed Eustachio
  5939 | D:4      | Reached skill level 1 in Polearms
  5967 | D:4      | Identified the +10 whip of Zaejegha {drain, *Noise Will-
                  | Int+8 SInv}
  6054 | D:4      | Noticed Natasha
  6066 | D:4      | Killed Natasha
  6067 | D:4      | Reached skill level 1 in Throwing
  6216 | D:4      | Found a sparkling altar of Nemelex Xobeh.
  6224 | D:4      | Noticed Natasha
  6676 | D:4      | Killed Natasha
  6677 | D:4      | Noticed Natasha
  6685 | D:4      | Found an ancient bone altar of Kikubaaqudgha.
  6950 | D:4      | Killed Natasha
  6951 | D:4      | Reached XP level 6. HP: 21/28 MP: 8/14
  7213 | D:4      | Reached skill level 5 in Spellcasting
  7329 | D:4      | Killed Eustachio
  7496 | D:5      | Entered Level 5 of the Dungeon
  7507 | D:5      | Gained mutation: You are agile. (Dex +2) [potion of
                  | mutation]
  7507 | D:5      | Gained mutation: You have a somewhat thin skeletal
                  | structure. (Dex +2, Stealth+) [potion of mutation]
  7507 | D:5      | Gained mutation: You have a moderately thin skeletal
                  | structure. (Dex +4, Stealth++) [potion of mutation]
  7507 | D:5      | Gained mutation: Your movements are slightly less
                  | encumbered by armour. (ER -2) [potion of mutation]
  7545 | D:5      | Reached XP level 7. HP: 32/32 MP: 12/15
  8759 | D:6      | Found a large runed translucent door.
  8763 | D:6      | Found a large runed translucent door.
  8764 | D:6      | Noticed mfcas's ghost (novice GnIE)
  8910 | D:6      | Reached skill level 5 in Polearms
  9085 | D:6      | Reached XP level 8. HP: 23/36 MP: 12/16
  9321 | D:6      | Noticed Pikel
  9426 | D:6      | Killed Pikel
  9427 | D:6      | Reached skill level 1 in Fighting
  9565 | D:6      | Found a staircase to the Ecumenical Temple.
  9584 | D:6      | Noticed Sigmund
  9586 | Temple   | Entered the Ecumenical Temple
  9676 | D:6      | Killed Sigmund
 10012 | Temple   | Became a worshipper of Sif Muna the Loreminder
 10122 | D:6      | Reached skill level 1 in Invocations
 10216 | D:6      | Reached XP level 9. HP: 44/44 MP: 14/17
 13298 | D:8      | Found a transporter.
 13378 | D:8      | Noticed Maggie
 13668 | D:8      | Found a transporter.
 13696 | D:8      | Found a bloodstained altar of Trog.
 13755 | D:8      | Reached skill level 5 in Air Magic
 14269 | D:8      | Killed Maggie
 14270 | D:8      | Reached skill level 5 in Fighting
 14729 | D:9      | Reached skill level 5 in Invocations
 14729 | D:9      | Reached XP level 10. HP: 42/51 MP: 14/18
 15242 | D:8      | Found a transporter.
 15253 | D:8      | Found a transporter.
 15286 | D:8      | Found a bloodstained altar of Trog.
 16246 | D:8      | Found a transporter.
 16478 | D:8      | Found a bloodstained altar of Trog.
 19004 | D:9      | Reached * piety under Sif Muna
 19022 | D:9      | Noticed a two-headed ogre
 19472 | D:10     | Entered Level 10 of the Dungeon
 19529 | D:9      | Killed a two-headed ogre
 20635 | D:10     | Found a staircase to the Lair.
 21034 | D:10     | Noticed a cyclops
 21042 | D:10     | Killed a cyclops
 21043 | D:10     | Reached XP level 11. HP: 22/56 MP: 15/22
 21776 | D:11     | Noticed an ogre mage
 21786 | D:11     | Noticed a two-headed ogre
 21789 | D:11     | Noticed a two-headed ogre
 21791 | D:11     | Paralysed by an ogre mage for 3 turns
 21793 | D:11     | Killed an ogre mage
 21841 | D:11     | Killed a two-headed ogre
 21845 | D:11     | Killed a two-headed ogre
 22647 | D:10     | Reached ** piety under Sif Muna
 23274 | D:12     | Found a staircase to the Orcish Mines.
 23333 | D:12     | Reached skill level 10 in Air Magic
 24027 | Lair:1   | Entered Level 1 of the Lair of Beasts
 24055 | Lair:1   | Found a frozen archway.
 24103 | IceCv    | Entered an ice cave
 25106 | IceCv    | Reached skill level 10 in Spellcasting
 25112 | IceCv    | Learned a level 5 spell: Freezing Cloud
 26021 | IceCv    | Reached skill level 1 in Ice Magic
 26123 | IceCv    | Noticed a reaper
 26124 | IceCv    | Found the +8 frozen axe "Frostbite" {freezing cloud, *Noise
                  | Fly rC+}
 26625 | Lair:1   | Noticed a six-headed hydra
 26639 | Lair:1   | Killed a six-headed hydra
 26640 | Lair:1   | Reached XP level 12. HP: 63/63 MP: 22/27
 26761 | Lair:1   | Noticed a seven-headed hydra
 26797 | Lair:1   | Killed a seven-headed hydra
 27469 | Lair:2   | Found a hole to the Spider Nest.
 27702 | Lair:2   | HP: 1/63 [meliai/divine providence (7)]
 27704 | Lair:2   | Killed from afar by a meliai

Illustrated notes

Levels and vault maps discovered:
D:1:      dpeg_arrival_court, layout_loops_ring, serial_glass, glass_columns_c,
          glass_columns_a, minmay_distorted
D:2:      minmay_diamond_boxcup, layout_loops_ring
D:3:      layout_basic
D:4:      layout_basic, gammafunk_temple_overflow_pools, uniq_natasha,
          uniq_eustachio
D:5:      layout_basic
D:6:      layout_loops_corners, minmay_temple_entry_mini_moons,
          ebering_ghost_disaster_area, uniq_sigmund, uniq_pikel
D:7:      layout_loops_corners, minivault_11
D:8:      gammafunk_steamed_eel, layout_rooms, nicolae_overflow_crystal_walls,
          uniq_maggie
D:9:      layout_rooms
D:10:     layout_roguey, david_lair_shrubbed, minivault_10,
          minmay_misc_feat_diagonals
D:11:     layout_loops_ring
D:12:     layout_roguey, david_orc_3
Temple:   mainiacjoe_temple_bowtie_tessellation
Lair:1:   layout_hall_layers, portal_ice_cave_entry_pillars_2
Lair:2:   layout_chaotic_city, hellmonk_spider_entry_not_the_bees,
          minmay_stone_trees_medium, minmay_lair_oklob_items

Skill      XL: |  1  2  3  4  5  6  7  8  9 10 11 |
---------------+----------------------------------+-----
Spellcasting   | 3 4 5 7 10 | 10.8
Stealth        | 4 5 6 7 |  7.0
Summonings     | 4 |  4.0
Polearms       | 1 3 5 6 |  6.0
Throwing       | 1 |  1.0
Fighting       | 3 5 6 7 |  7.0
Air Magic      | 3 5 8 10 | 10.5
Invocations    | 1 5 |  5.0
Ice Magic      | 2 |  2.5
Dodging        | |  2.6

Action                   |  1- 3 |  4- 6 |  7- 9 | 10-12 || total
-------------------------+-------+-------+-------+-------++-------
Melee: Unarmed           |    24 |       |       |       ||    24
       Short sword       |    22 |     1 |       |       ||    23
       Spear             |       |    96 |    13 |   318 ||   427
       Demon trident     |       |     2 |   223 |     8 ||   233
       Punch             |       |     1 |       |    10 ||    11
       Whip              |       |       |       |     6 ||     6
Throw: Dart              |       |     3 |     8 |     6 ||    17
 Cast: Summon Small Mamm |    45 |    53 |   125 |    64 ||   287
       Call Imp          |    26 |    32 |    88 |    47 ||   193
       Summon Lightning  |       |       |       |    92 ||    92
Evoke: Wand              |       |       |       |     2 ||     2
  Use: Scroll            |       |     7 |     4 |     6 ||    17
       Potion            |       |     2 |    10 |     5 ||    17
 Stab: Distracted        |     1 |     2 |     9 |    16 ||    28
       Sleeping          |     4 |     4 |     7 |     2 ||    17
Armor: Robe              |    11 |    25 |    21 |       ||    57
       Skin              |       |       |    14 |       ||    14
       Steam dragon scal |       |       |     9 |    62 ||    71
Dodge: Dodged            |    51 |    98 |   172 |   258 ||   579
Block: Other             |       |       |       |    37 ||    37
       Reflection        |       |       |       |     2 ||     2
